 Dungeon Crawl Stone Soup version 0.19-a0-994-g3c636f0 (webtiles) character file.

123 mistymad the Skirmisher (level 5, -2/42 HPs)
             Began as a Formicid Abyssal Knight on July 18, 2016.
             Was a Believer of Lugonu.
             Slain by an ice beast (3 damage)
             ... on level 4 of the Dungeon.
             The game lasted 00:04:27 (2297 turns).

mistymad the Skirmisher (Formicid Abyssal Knight)   Turns: 2297, Time: 00:04:28

Health: -2/42      AC:  5    Str: 18    XL:     5   Next: 29%
Magic:  6/6        EV: 11    Int: 11    God:    Lugonu [**....]
Gold:   203        SH:  0    Dex: 10    Spells: 0 memorised, 4 levels left

rFire  . . .     SeeInvis +     a - +1 hand axe
rCold  . . .     Gourm    .     e - +0 ring mail
rNeg   . . .     Faith    .     (no shield)
rPois  .         Spirit   .     (helmet unavailable)
rElec  .         Dismiss  .     (no cloak)
rCorr  .         Reflect  .     (no gloves)
SustAt .         Harm     .     (no boots)
MR     .....                    (no amulet)
Stlth  ..........               (no ring)
                                (no ring)

@: not resistant to hostile enchantments, extremely unstealthy
A: permanent stasis, dig shafts and tunnels, four strong arms, antennae 3
a: Dig, Shaft Self, Depart the Abyss, Bend Space, Renounce Religion


You were on level 4 of the Dungeon.
You worshipped Lugonu.
Lugonu was pleased with you.
You were hungry.

You visited 1 branch of the dungeon, and saw 4 of its levels.
You visited the Abyss 1 time.

You collected 203 gold pieces.

Inventory:

Hand Weapons
 a - a +1 hand axe (weapon)
Armour
 e - a +0 ring mail (worn)
Wands
 p - a wand of flame (21/48)
Scrolls
 b - 3 scrolls of remove curse {unknown}
 d - 2 scrolls of identify
 h - a scroll of recharging {unknown}
 k - a scroll of teleportation {unknown}
 o - a scroll of blinking {unknown}
Potions
 f - 2 potions of flight {unknown}
 g - a potion of heal wounds {unknown}
 i - a potion of mutation {unknown}
 j - a potion of brilliance {unknown}
 l - a potion of agility {unknown}
 n - a potion of degeneration {unknown}
 q - 3 potions of haste {unknown}
Comestibles
 c - a bread ration


   Skills:
 + Level 4.1 Fighting
 + Level 3.0 Axes
 + Level 3.1 Armour
 + Level 2.2 Dodging
 - Level 2.4 Invocations


You had 4 spell levels left.
You didn't know any spells.

Dungeon Overview and Level Annotations

Branches:
Dungeon (4/15)
 Temple: D:4-7

Altars:


Innate Abilities, Weirdness & Mutations

You are under a permanent stasis effect.
You can dig through walls and to a lower floor.
Your four strong arms can wield two-handed weapons with a shield.
You have a pair of large antennae on your head. (SInv)


Message History

The ice beast closely misses you.
You closely miss the ice beast.
The ice beast is severely wounded.
The ice beast hits you. The ice beast freezes you!
You take 13 damage, and have 18/42 hp.
MASSIVE DAMAGE!!
You hit the ice beast.
The ice beast is severely wounded.
The ice beast hits you but does no damage.
You hit the ice beast but do no damage.
The ice beast is severely wounded.
The ice beast closely misses you.
You barely miss the ice beast.
The ice beast is severely wounded.
The ice beast barely misses you.
You hit the ice beast.
The ice beast is almost dead.
The ice beast hits you. The ice beast freezes you!
* * * LOW HITPOINT WARNING * * *
The ice beast hits you.
You die...

## .. .# #.###.#
#.#..(# #.#Y#.#
.
#####.#@#.###..#
.............$.#
#####.....####.
##..### #####..#
# #......#
#.###.#.#.##
#..<......###
#####.#.....+


You could see an ice beast.

Vanquished Creatures
  An orc wizard (D:3)
  A gnoll (D:1)
  2 adders
  3 oozes
  2 dart slugs (D:1)
  A giant gecko (D:1)
  3 orcs (D:3)
  7 bats
  4 giant cockroaches
  4 hobgoblins
  4 jackals (D:3)
  4 kobolds
  2 giant newts
  6 goblins
  A rat (D:3)
45 creatures vanquished.

Notes
Turn   | Place    | Note
-------+----------+-------------------------------------------
     0 | Abyss:1  | mistymad the Formicid Abyssal Knight began the quest for the Orb.
     0 | Abyss:1  | Reached XP level 1. HP: 18/18 MP: 2/2
     1 | Abyss:1  | Found a corrupted altar of Lugonu.
    75 | D:1      | Escaped the Abyss
   129 | D:1      | Reached skill level 1 in Dodging
   129 | D:1      | Reached XP level 2. HP: 13/24 MP: 3/3
   515 | D:1      | Reached XP level 3. HP: 29/29 MP: 4/4
   779 | D:1      | Reached ** piety under Lugonu
   916 | D:2      | Reached XP level 4. HP: 29/36 MP: 5/5
  1816 | D:3      | Reached skill level 4 in Fighting
  1821 | D:3      | Reached XP level 5. HP: 39/42 MP: 6/6
  1940 | D:3      | Found a faded altar of an unknown god.
  2285 | D:4      | Noticed an ice beast
  2297 | D:4      | HP: 1/42 [ice beast (14)]
  2297 | D:4      | Slain by an ice beast

Vault maps used:
D:1:      grunt_arrival_crossed_arrows
D:3:      ecumenical_altar_1, minmay_misc_feat_x
D:4:      first_bread, nicolae_alphabet_shops

Skill      XL: |  1  2  3  4  5 |
---------------+----------------+-----
Dodging        | 1 2 |  2.2
Armour         | 3 |  3.1
Fighting       | 4 |  4.1
Axes           | 3 |  3.0
Invocations    | |  2.4

Action                   |  1- 3 |  4- 6 || total
-------------------------+-------+-------++-------
Melee: Hand axe          |    59 |    98 ||   157
  Use: Scroll            |       |     1 ||     1
  Eat: Chunk             |       |     4 ||     4
Armor: Leather armour    |    16 |       ||    16
       Ring mail         |    10 |    34 ||    44
Dodge: Dodged            |    47 |    59 ||   106
